 Dungeon Crawl Stone Soup version 0.29.1-2-gbd0b4ee654 (webtiles) character file.

Game seed: 7589578729062878685

2528 croobank the Nimble (level 9, -3/40 HPs)
             Began as a Felid Summoner on Nov 2, 2022.
             Was an Initiate of Gozag.
             Engulfed by their own flame (17 damage)
             ... on level 7 of the Dungeon.
             The game lasted 00:41:27 (9101 turns).

croobank the Nimble (Felid Summoner)                Turns: 9101, Time: 00:41:28

Health: -3/40      AC:  2    Str: 14    XL:     9   Next: 29%
Magic:  2/18       EV: 22    Int: 18    God:    Gozag
Gold:   498        SH:  0    Dex: 16    Spells: 10/19 levels left
                                        Lives:  0   Deaths: 2

rFire   . . .      SeeInvis +   (weapon unavailable)
rCold   . . .      Faith    .   (shield unavailable)
rNeg    . . .      Spirit   .   (body armour unavailable)
rPois   +          Reflect  .   (helmet unavailable)
rElec   .          Harm     .   (cloak unavailable)
rCorr   +          Rampage  .   (gloves unavailable)
Will    +....                   (boots unavailable)
Stlth   ++++......              (no amulet)
HPRegen 0.13/turn               b - ring "Waeclech" {rPois rCorr Str+4 Int-3}
MPRegen 0.16/turn               h - +6 ring of strength

@: quick
A: very small, claws 1, fangs 3, see invisible, speed 1, shaggy fur 2, stealthy
paws, no weapons or thrown items, no armour, multi-lived
a: Renounce Religion, Potion Petition, Call Merchant, Bribe Branch


You were on level 7 of the Dungeon.
You worshipped Gozag.
Gozag was aware of your devotion.
You visited 2 branches of the dungeon, and saw 8 of its levels.

You collected 616 gold pieces.
You paid 118 gold pieces to Gozag.

Inventory:

Jewellery
 b - the ring "Waeclech" (left paw) {rPois rCorr Str+4 Int-3}
   (You acquired it on level 4 of the Dungeon)

   [ring of resist corrosion]

   Str:       It affects your strength (+4).
   Int:       It affects your intelligence (-3).
   rPois:     It protects you from poison.
   rCorr:     It protects you from acid and corrosion.
 e - a ring of poison resistance
 g - a +4 ring of evasion
 h - a +6 ring of strength (right paw)
Wands
 f - a wand of acid (11)
 s - a wand of polymorph (5)
Scrolls
 c - 2 scrolls of teleportation
 p - a scroll of torment
Potions
 a - 3 potions of magic
 d - 3 potions of mutation
 j - a potion of attraction
 l - 2 potions of ambrosia
 m - a potion of curing
 n - a potion of heal wounds {unknown}
 o - a potion of brilliance {unknown}
 r - a potion of haste {unknown}


   Skills:
 * Level 5.1 Fighting
 + Level 8.8 Dodging
 - Level 7.5 Stealth
 + Level 5.9 Spellcasting
 - Level 5.0 Hexes
 + Level 7.4 Summonings


You had 10 spell levels left.
You knew the following spells:

 Your Spells              Type           Power      Damage    Failure   Level
a - Summon Small Mammal   Summ           100%       N/A       1%          1
b - Call Imp              Summ           32%        N/A       1%          2
c - Call Canine Familiar  Summ           32%        N/A       1%          3
d - Summon Guardian Gole  Hex/Summ       27%        N/A       2%          3

Your spell library contained the following spells:

 Spells                   Type           Power      Damage    Failure   Level
 Sublimation of Blood     Necr           5%         N/A       19%         2
 Wereblood                Tmut           5%         N/A       19%         2
 Summon Lightning Spire   Summ/Air       18%        N/A       26%         4
 Gell's Gravitas          Tloc           5%         N/A       36%         3
 Teleport Other           Tloc           5%         N/A       36%         3
 Dispel Undead            Necr           5%         3d7       77%         4
 Summon Hydra             Summ           16%        N/A       99%         7
 Death Channel            Necr           2%         N/A       100%        6
 Dispersal                Tloc           2%         N/A       100%        6
 Corpse Rot               Necr/Pois/Air  Unusable   N/A       N/A         4

Dungeon Overview and Level Annotations

Branches:
Dungeon (7/15)             Temple (1/1) D:6

Altars:
Ashenzari
Cheibriados
Dithmenos
Elyvilon
Fedhas
Gozag
Hepliaklqana
Kikubaaqudgha
Makhleb
Nemelex Xobeh
Okawaru
Qazlal
Ru
Sif Muna
Trog
Uskayaw
Vehumet
Wu Jian
Xom
Yredelemnul
Zin

Shops:
D:1 *   D:5 !

Annotations:
D:2 Sigmund
D:3 2 transporters, 2 runed translucent doors, deadpool521's ghost, weakling DrAK


Innate Abilities, Weirdness & Mutations

You have sharp claws.
You have razor-sharp teeth.
You have supernaturally acute eyesight. (SInv)
You cover ground quickly. (Speed+)
You are covered in thick fur. (AC +2)
Your paws help you pounce on unaware monsters.
You are incapable of wielding weapons or throwing items.
You cannot wear armour.
You gain extra lives every three experience levels.


Message History

The hornet stings your hound.
Your hound seems to slow down.
Your hound is no longer moving slowly.
The hornet stings your hound!
Your hound dies!
Your hound's corpse disappears in a puff of smoke!
Casting: Summon Guardian Golem (dangerous; 2% risk of failure)
Confirm with . or Enter, or press ? or * to list all spells.
Casting: Summon Small Mammal (safe; 1% risk of failure)
Confirm with . or Enter, or press ? or * to list all spells.
The hornet stings your quokka.
Your quokka is poisoned.
Your quokka seems to slow down.
Casting: Summon Small Mammal (safe; 1% risk of failure)
Confirm with . or Enter, or press ? or * to list all spells.
A guardian golem appears, shielding your allies.
Your guardian golem disappears in a puff of smoke!
The hornet closely misses your quokka.
Your quokka misses the hornet. x2
The hornet barely misses your guardian golem.
Your quokka bites the hornet but does no damage.
Your quokka is no longer moving slowly.
The hornet stings your guardian golem!
Your quokka barely misses the hornet.
Your quokka misses the hornet. The hornet stings your guardian golem!
The hornet stings your guardian golem.
Your quokka bites the hornet but does no damage.
Your quokka barely misses the hornet.
The hornet stings your guardian golem!
Your guardian golem overheats!
Your quokka closely misses the hornet.
Your quokka barely misses the hornet.
The hornet stings your guardian golem!
Your guardian golem disappears in a puff of smoke!
Your guardian golem explodes!
The fiery explosion engulfs the hornet!!
The fiery explosion engulfs your quokka!!!
Your quokka dies!
Your quokka's corpse disappears in a puff of smoke!
The fiery explosion engulfs you!!
Ouch! That really hurt!
You are engulfed in blazing flames.
You die...
Your body crumbles into a pile of gold.

......####.........
......#............
......#.##.#..#..##
......#.##....#.... .
......#.#........### #).
#...........###.r..#...#
........#.#.# #y§#....#
......###.#.###§§....###
............#..§@§......
...####.#..........#####
...........##.....##
##..####..###.....#
.....# #..##..#...#
##.#............#..
##.#####.......#...#
.....<......... ..##
)...#......#


You could see a hornet (ally target) and a friendly quokka (summoned, sheltered,
very poisoned).

Vanquished Creatures
  Pikel (D:7)
  A black bear (D:3)
  A sky beast (D:6)
  A bullfrog (D:6)
  An iguana (D:6)
  An orc wizard (D:4)
  5 gnolls
  2 adders (D:6)
  A dart slug (D:3)
  6 orcs
  A ball python (D:1)
  2 bats
  3 endoplasms
  A giant cockroach (D:3)
  3 goblins
  3 hobgoblins
  3 quokkas
  3 rats
39 creatures vanquished.

Vanquished Creatures (collateral kills)
  Menkaure (D:4)
  2 ogres
  A phantom (D:6)
  2 necrophages
  2 scorpions (D:5)
  A nameless horror (D:4)
  2 hounds (D:4)
  A jelly (D:6)
  A gnoll bouda (D:7)
  Crazy Yiuf (D:4)
  2 iguanas
  An orc wizard (D:3)
  6 adders
  A gnoll (D:1)
  2 shadow imps
  2 white imps
  An ufetubus (D:6)
  2 worms
  4 dart slugs
  6 orcs
  5 ball pythons
  5 endoplasms
  4 giant cockroaches
  2 goblins (D:1)
  3 hobgoblins
  3 jackals (D:3)
  4 kobolds
  A bat (D:2)
  2 frilled lizards
  2 rats (D:1)
72 creatures vanquished.

Vanquished Creatures (others)
  Prince Ribbit (D:6)
  A steam dragon (D:5)
  A water moccasin (D:3)
  Duvessa (D:4)
  2 ice beasts
  An orc warrior (D:7)
  2 black bears
  An ogre (D:6)
  Dowan (D:4)
  4 wights
  2 gnolls (D:7)
  An adder (D:6)
  A white imp (D:7)
  2 orcs (D:7)
  20 plants (D:3)
41 creatures vanquished.

Grand Total: 152 creatures vanquished

Notes
Turn   | Place    | Note
-------+----------+-------------------------------------------
     0 | D:1      | croobank the Felid Summoner began the quest for the Orb.
     0 | D:1      | Reached XP level 1. HP: 7/7 MP: 4/4
    63 | D:1      | Reached skill level 3 in Dodging
    63 | D:1      | Reached XP level 2. HP: 11/11 MP: 1/6
   189 | D:1      | Found Cumiyge's Assorted Antiques.
   634 | D:1      | Reached XP level 3. HP: 10/14 MP: 7/7
   637 | D:1      | Learned a level 2 spell: Call Imp
   641 | D:1      | Learned a level 3 spell: Call Canine Familiar
  1356 | D:2      | Found a shimmering blue altar of Sif Muna.
  1815 | D:2      | Noticed Sigmund
  1966 | D:3      | Found a transporter.
  1971 | D:3      | Noticed deadpool521's ghost (weakling DrAK)
  2075 | D:3      | Reached XP level 4. HP: 15/18 MP: 1/8
  2183 | D:3      | Found a faded altar of an unknown god.
  2259 | D:3      | Reached skill level 4 in Dodging
  2430 | D:3      | Noticed a phantom
  2437 | D:3      | Found a transporter.
  2444 | D:3      | Found a large runed translucent door.
  2493 | D:3      | Found a large runed translucent door.
  2508 | D:3      | Noticed a black bear
  2522 | D:3      | Killed a black bear
  2523 | D:3      | Reached XP level 5. HP: 7/21 MP: 0/10
  2769 | D:3      | Noticed a water moccasin
  2787 | D:3      | Learned a level 3 spell: Summon Guardian Golem
  2803 | D:3      | Killed a water moccasin
  2804 | D:3      | Reached skill level 5 in Dodging
  2804 | D:3      | Reached skill level 5 in Stealth
  2804 | D:3      | Reached skill level 5 in Summonings
  2804 | D:3      | Gained mutation: You are covered in thick fur. (AC +2)
                  | [Felid growth]
  2804 | D:3      | Reached XP level 6. HP: 24/24 MP: 1/12
  3116 | D:3      | Found an ancient bone altar of Kikubaaqudgha.
  3602 | D:4      | Noticed Menkaure
  3618 | D:4      | Killed from afar by Menkaure
  3619 | D:4      | Reached XP level 5. HP: -2/21 MP: 4/11
  3637 | D:4      | Noticed Dowan
  3637 | D:4      | Noticed Duvessa
  3653 | D:4      | Found a runed translucent door.
  3654 | D:4      | Noticed Crazy Yiuf
  3675 | D:4      | Killed Crazy Yiuf
  3856 | D:4      | Identified a scroll of acquirement
  3856 | D:4      | Acquired the ring "Waeclech" {rPois rCorr Str+4 Int-3}
  3887 | D:4      | Killed Dowan
  3888 | D:4      | Killed Duvessa
  3889 | D:4      | Reached XP level 6. HP: 24/24 MP: 7/12
  4330 | D:4      | Killed Menkaure
  4331 | D:4      | Reached skill level 6 in Dodging
  4331 | D:4      | Reached XP level 7. HP: 16/27 MP: 6/14
  4692 | D:5      | Entered Level 5 of the Dungeon
  5494 | D:5      | Found Rueciuxe's Distillery.
  6082 | D:6      | Noticed a steam dragon
  6089 | D:6      | Killed from afar by a steam dragon
  6090 | D:6      | Reached XP level 6. HP: -17/24 MP: 9/14
  6090 | D:6      | Noticed a sky beast
  6123 | D:6      | Killed a sky beast
  6124 | D:6      | Reached skill level 7 in Dodging
  6124 | D:6      | Reached XP level 7. HP: 27/27 MP: 3/15
  6167 | D:6      | Found a staircase to the Ecumenical Temple.
  6176 | Temple   | Entered the Ecumenical Temple
  6290 | Temple   | Became a worshipper of Gozag Ym Sagoz the Greedy
  6591 | D:5      | Killed a steam dragon
  6592 | D:5      | Reached skill level 1 in Fighting
  6592 | D:5      | Reached skill level 5 in Spellcasting
  6592 | D:5      | Reached skill level 1 in Hexes
  7007 | D:6      | Reached XP level 8. HP: 23/34 MP: 4/16
  7263 | D:6      | Noticed Prince Ribbit
  7298 | D:6      | Killed Prince Ribbit
  7963 | D:6      | Reached skill level 8 in Dodging
  8918 | D:7      | Reached XP level 9. HP: 39/39 MP: 13/18
  8993 | D:7      | Noticed Pikel
  9003 | D:7      | Killed Pikel
  9004 | D:7      | Reached skill level 5 in Fighting
  9004 | D:7      | Reached skill level 5 in Hexes
  9101 | D:7      | Engulfed by their own flame

Illustrated notes

Levels and vault maps discovered:
D:1:      dpeg_arrival_simpleton_c, layout_rooms, serial_shops, shop,
          minmay_vboxes
D:2:      layout_rooms, basic_altar, uniq_sigmund
D:3:      layout_loops_ring, jmf_multi_god_temple2,
          mainiacjoe_overflow_alcove_4, gammafunk_ghost_mausoleum,
          dreamdust_ecumenical_altar_statues, wad_woods_river_04
D:4:      layout_gridville, uniq_menkaure, uniq_crazy_yiuf_cottage, uniq_duvessa
D:5:      layout_layer_cave, serial_shops, nicolae_shop_waterfront
D:6:      dreamdust_elfheim, layout_basic, temple_fountains, uniq_prince_ribbit1
D:7:      layout_rooms, minmay_misc_feat_rows, uniq_pikel
Temple:   compressed_dpeg_triangle_lava_temple

Skill      XL: |  1  2  3  4  5  6  7  8  9 |
---------------+----------------------------+-----
Dodging        | 3 4 5 7 8 |  8.8
Stealth        | 3 4 5 6 7 |  7.5
Spellcasting   | 3 4 5 |  5.9
Summonings     | 5 6 7 |  7.4
Fighting       | 2 4 5 |  5.1
Hexes          | 2 4 5 |  5.0

Action                   |  1- 3 |  4- 6 |  7- 9 || total
-------------------------+-------+-------+-------++-------
Melee: Unarmed           |    46 |    57 |    56 ||   159
       Bite              |     6 |     2 |     5 ||    13
       Punch             |       |     1 |     1 ||     2
 Cast: Summon Small Mamm |    34 |    31 |    46 ||   111
       Call Imp          |     8 |    11 |    13 ||    32
       Call Canine Famil |     7 |    20 |    34 ||    61
       Summon Guardian G |       |     4 |    34 ||    38
Evoke: Wand              |       |       |     1 ||     1
  Use: Potion            |       |     3 |     3 ||     6
       Scroll            |       |    12 |     2 ||    14
 Stab: Sleeping          |     1 |     3 |     1 ||     5
       Distracted        |       |       |     1 ||     1
Armor: Skin              |     2 |     4 |     1 ||     7
Dodge: Dodged            |    46 |    54 |    64 ||   164
